 Dungeon Crawl Stone Soup version 0.27-a0-1586-gd5c625afe7 (webtiles) character file.

Game seed: 7310971557433120394

55 HAL9000 the Sneak (level 3, -4/18 HPs)
             Began as a Vine Stalker Brigand on July 18, 2021.
             Slain by a kobold (17 damage)
             ... on level 2 of the Dungeon.
             The game lasted 00:01:08 (1425 turns).

HAL9000 the Sneak (Vine Stalker Brigand)            Turns: 1425, Time: 00:01:09

Health: -4/18      AC:  3    Str: 14    XL:     3   Next: 93%
Magic:  0/4        EV: 11    Int: 11    God:
Gold:   45         SH:  0    Dex: 15    Spells: 2/2 levels left

rFire    . . .     SeeInvis .   a - +2 dagger
rCold    . . .     Faith    .   (no shield)
rNeg     . . .     Spirit   +   b - +0 robe
rPois    .         Reflect  .   (no helmet)
rElec    .         Harm     .   c - +0 cloak
rCorr    .         Rampage  .   (no gloves)
Will     .....                  (no boots)
Stlth    +++.......             (no amulet)
HPRegen  0.06/turn              (no ring)
MPRegen  0.09/turn              (no ring)

@: no status effects
A: fangs 2, magic shield, antimagic bite, no potion heal 2
a: no special abilities


You were on level 2 of the Dungeon.
You visited 1 branch of the dungeon, and saw 2 of its levels.

You collected 45 gold pieces.

Inventory:

Hand Weapons
 a - a +2 dagger (weapon)
Missiles
 d - 7 poisoned darts (quivered)
 e - 2 curare-tipped darts
Armour
 b - a +0 robe (worn)
 c - a +0 cloak (worn)
Scrolls
 f - 3 scrolls of enchant armour {unknown}
 g - a scroll of identify {unknown}
 h - 2 scrolls of amnesia {unknown}
Potions
 i - a potion of brilliance {unknown}


   Skills:
 - Level 1.7 Fighting
 - Level 1.7 Short Blades
 + Level 3.7 Throwing
 - Level 0.7 Dodging
 - Level 4.8 Stealth


You had 2 spell levels left.
You didn't know any spells.
Your spell library was empty.

Dungeon Overview and Level Annotations

Branches:
Dungeon (2/15)

Altars:
Elyvilon


Innate Abilities, Weirdness & Mutations

You have extremely sharp teeth.
When hurt, damage is shared between your health and your magic reserves.
Your bite disrupts and absorbs the magic of your enemies.
Potions cannot restore your health.


Message History

You hit the ball python.
You kill the ball python!
No target in view!
No target in view!
No target in view!
d - 6 poisoned darts (gained 1)
h - 2 scrolls labelled HUUCSUKKAGH (gained 1)
i - an orange potion
d - 7 poisoned darts (gained 1)
Found 20 bolts.
As you open the door, it creaks loudly!
You hear a shout!
A hobgoblin comes into view.
There is an open door here.
A hobgoblin is nearby!
A kobold comes into view. It is wielding a +0 short sword.
The kobold shouts!
You hit the hobgoblin but do no damage. You hit the hobgoblin.
You kill the hobgoblin!
A kobold comes into view.
It is wielding a +0 dagger of electrocution.
You see here a hobgoblin corpse.
You closely miss the kobold.
The kobold hits you with a +0 short sword.
You closely miss the kobold.
The kobold shouts!
You hit the kobold.
You kill the kobold!
The kobold throws a stone.
The stone hits you.
You see here a +0 short sword.
The kobold barely misses you.
You miss the kobold. You bite the kobold. You drain its power.
You feel invigorated.
The kobold is moderately wounded.
The kobold misses you.
You closely miss the kobold.
The kobold is moderately wounded.
The kobold hits you with a +0 dagger of electrocution.
You are electrocuted!!
Ouch! That really hurt!
You die...

#....................
#....................
#.........###'#######
#.........# #.#
#.........###.#
#............†#
####...########..#
................)#
######..†....##.@#
######.#.....##.K#
.............+....
######.......##.#.#
.... ####.#.###. ..
....### #.#..... ...
......###.###### #..
..........# ...
..........#


You could see a kobold.

Vanquished Creatures
  2 worms (D:2)
  3 dart slugs (D:1)
  5 ball pythons
  5 bats
  4 giant cockroaches (D:1)
  A goblin (D:1)
  2 hobgoblins
  6 jackals
  A kobold (D:2)
  7 frilled lizards (D:1)
  7 rats
43 creatures vanquished.

Vanquished Creatures (others)
  7 plants (D:1)
7 creatures vanquished.

Grand Total: 50 creatures vanquished

Notes
Turn   | Place    | Note
-------+----------+-------------------------------------------
     0 | D:1      | HAL9000 the Vine Stalker Brigand began the quest for the
                  | Orb.
     0 | D:1      | Reached XP level 1. HP: 11/11 MP: 2/2
   166 | D:1      | Reached XP level 2. HP: 15/15 MP: 3/3
   216 | D:1      | Found a faded altar of an unknown god.
   437 | D:1      | Reached XP level 3. HP: 14/18 MP: 4/4
  1249 | D:2      | Found a white marble altar of Elyvilon.
  1425 | D:2      | Slain by a kobold

Illustrated notes

Levels and vault maps discovered:
D:1:      dpeg_arrival_shrine, layout_basic,
          shapermc_ecumenical_altar_mp_urbaneastern, minmay_lizard_king
D:2:      layout_basic, basic_altar

Skill      XL: |  1  2 |
---------------+-------+-----
Throwing       | 2 3 |  3.7
Fighting       | |  1.7
Short Blades   | |  1.7
Dodging        | |  0.7
Stealth        | |  4.8

Action                   || total
-------------------------++-------
Melee: Dagger            ||    94
       Bite              ||    24
Throw: Dart              ||    10
 Stab: Sleeping          ||     5
       Distracted        ||     1
Armor: Robe              ||    25
Dodge: Dodged            ||    37

Table legend: (Time is in decaauts)
 A = Elapsed time spent in this place.
 B = Non-inter-level travel time spent in this place.
 C = Inter-level travel time spent in this place.
 D = Time resting spent in this place.
 E = Time spent auto-exploring this place.
 F = Levels seen in this place.
 G = Mean time per level.
                   A        B        C        D        E       F      G
               +--------+--------+--------+--------+--------+-----+--------+
         Total |   1416 |   1391 |     25 |    412 |    742 |   2 |  708.0 |
       Dungeon |   1416 |   1391 |     25 |    412 |    742 |   2 |  708.0 |
               +--------+--------+--------+--------+--------+-----+--------+

Top non-repeatable levels by time:
     D:1: 895 daAuts
     D:2: 521 daAuts
